 Dungeon Crawl Stone Soup version 0.22-a0-445-g8c8ef71 (webtiles) character file.

2771 Gorglomux the Covered (level 9, -3/82 HPs)
             Began as a Deep Dwarf Fighter on June 2, 2018.
             Was a Believer of Makhleb.
             Slain by an orc warrior
             ... wielding a +0 halberd
              (17 damage)
             ... on level 8 of the Dungeon.
             The game lasted 00:03:09 (3740 turns).

Gorglomux the Covered (Deep Dwarf Fighter)          Turns: 3740, Time: 00:03:10

Health: -3/82      AC:  8    Str: 24    XL:     9   Next: 42%
Magic:  6/6        EV:  8    Int:  8    God:    Makhleb [**....]
Gold:   183        SH: 11    Dex: 12    Spells: 8/8 levels left

rFire    . . .     SeeInvis .   a - +0 war axe
rCold    . . .     Gourm    .   c - +0 shield
rNeg     + . .     Faith    .   b - +0 scale mail
rPois    .         Spirit   .   (no helmet)
rElec    .         Reflect  .   (no cloak)
rCorr    .         Harm     .   (no gloves)
MR       +....                  (no boots)
Stlth    ..........             (no amulet)
HPRegen  0.00/turn              l - ring of positive energy
MPRegen  0.10/turn              X - ring of loudness (curse)

@: non-regenerating
A: damage resistance, heal wounds, sense surroundings 2, no regeneration
a: Heal Wounds, Minor Destruction, Renounce Religion


You were on level 8 of the Dungeon.
You worshipped Makhleb.
Makhleb was pleased with you.
You were not hungry.

You visited 1 branch of the dungeon, and saw 8 of its levels.

You collected 183 gold pieces.

Inventory:

Hand Weapons
 a - a +0 war axe (weapon)
Missiles
 Z - 2 throwing nets (quivered)
Armour
 b - a +0 scale mail (worn)
 c - a +0 shield (worn)
Jewellery
 l - a ring of positive energy (left hand)
 r - a +3 ring of intelligence
 X - a cursed ring of loudness (right hand)
Scrolls
 k - 3 scrolls of fear {unknown}
 m - 2 scrolls of magic mapping {unknown}
 o - a scroll of enchant armour {unknown}
 q - 5 scrolls of amnesia {unknown}
 R - 2 scrolls of identify
 T - a scroll of teleportation {unknown}
 U - 3 scrolls of remove curse {unknown}
 V - a scroll of random uselessness {unknown}
 W - a scroll of vulnerability {unknown}
Potions
 d - a potion of might
 i - 2 potions of resistance
 p - a potion of flight
 s - a potion of lignification
 Q - a potion of curing
 S - a potion of haste {unknown}
Comestibles
 f - 13 rations
 Y - 20 chunks of flesh


   Skills:
 + Level 6.2 Fighting
 + Level 7.1 Axes
 + Level 7.6 Armour
 + Level 7.5 Shields
 + Level 4.9 Invocations


You had 8 spell levels left.
You didn't know any spells.
Your spell library was empty.

Dungeon Overview and Level Annotations

Branches:
Dungeon (8/15)             Temple (0/1) D:6
   Lair: D:8-11

Altars:
Dithmenos
Fedhas
Hepliaklqana
Kikubaaqudgha
Makhleb
Okawaru
Qazlal
Xom
Zin

Shops:
D:7 }


Innate Abilities, Weirdness & Mutations

You are resistant to damage.
You can heal yourself by infusing magical energy.
You passively map the area around you.
You do not regenerate.


Message History

The orc priest calls down the wrath of Beogh upon you!
Beogh smites you!!! * * * don't die
* * * You block the orc warrior's attack!
You block the hound's attack!
You feel much better!
The scorpion stings you but does no damage!
You block the orc priest's attack! The hound bites you!
The orc warrior hits you from afar with a halberd!!!!!!
You fail to use your ability!
The hound bites you but does no damage! The scorpion butts you! * * * don't die
* * * The orc priest hits you but does no damage!
The hound misses you!
The orc butt hits you with a halberd!!! * * * don't butt
* * * You block the orc priest's attack!
You fail to use your ability!
You block the hound's butt! The scorpion stings you!
The orc warrior hits you with a halberd!!!!!! rip

* , * * ....... ,
....... ** ,, ,
..>...h
*..#######...# *
,* .....#....#
*,,,, , , , ,
*#####....(######
* , ,
.......<........
.....#.sh.######
* , , ...#
##@o...# * *#.
#o###..(.# *, **
.o., ###.#* * , ,
.....* .,, * , *,
* ......# * ,, *
** #......# , * *
,###..... , , * *
##...#. ,, * ,, ,
* ,, , ,


You could see an orc warrior, a scorpion, a hound, an orc priest and an orc.

Vanquished Creatures
  A two-headed ogre (D:7)
  Prince Ribbit (D:5)
  Grinder (D:5)
  Edmund (D:4)
  A sky beast (D:7)
  2 orc warriors (D:7)
  A black bear (D:7)
  A phantom (D:5)
  3 centaurs
  A bullfrog (D:6)
  A howler monkey (D:7)
  4 crimson imps
  A hound (D:4)
  6 orc priests
  7 orc wizards
  3 iguanas
  3 worker ants
  A hound skeleton (D:5)
  2 adders
  A shadow imp (D:8)
  An adder zombie (D:6)
  An adder skeleton (D:7)
  2 worms
  A dart slug (D:2)
  4 leopard geckos
  27 orcs
  A ball python (D:6)
  3 giant cockroaches
  7 goblins
  3 hobgoblins
  10 jackals
  2 kobolds
  3 quokkas
  2 frilled lizards (D:3)
  A quokka zombie (D:5)
  3 rats
113 creatures vanquished.

Notes
Turn   | Place    | Note
-------+----------+-------------------------------------------
     0 | D:1      | Gorglomux the Deep Dwarf Fighter began the quest for the Orb.
     0 | D:1      | Reached XP level 1. HP: 20/20 MP: 1/1
   146 | D:2      | Reached XP level 2. HP: 25/27 MP: 2/2
   364 | D:2      | Reached skill level 3 in Fighting
   445 | D:3      | Reached XP level 3. HP: 32/34 MP: 3/3
   775 | D:4      | Found a shadowy altar of Dithmenos.
   887 | D:4      | Found an ancient bone altar of Kikubaaqudgha.
   910 | D:4      | Noticed Edmund
   927 | D:4      | Killed Edmund
   927 | D:4      | Reached skill level 3 in Axes
   927 | D:4      | Reached XP level 4. HP: 30/42 MP: 4/4
   927 | D:4      | Reached XP level 5. HP: 35/49 MP: 5/5
  1393 | D:4      | Found a stormy altar of Qazlal.
  1394 | D:4      | Found a hazy altar of Hepliaklqana.
  1395 | D:4      | Found a burning altar of Makhleb.
  1398 | D:4      | Found a shimmering altar of Xom.
  1484 | D:4      | Became a worshipper of Makhleb the Destroyer
  1533 | D:5      | Entered Level 5 of the Dungeon
  1537 | D:5      | Noticed a phantom
  1541 | D:5      | Reached XP level 6. HP: 46/57 MP: 5/5
  1639 | D:5      | Found a glowing silver altar of Zin.
  1690 | D:5      | Noticed Grinder
  1699 | D:5      | Reached XP level 7. HP: 47/64 MP: 6/6
  1716 | D:5      | Killed Grinder
  1895 | D:5      | Reached * piety under Makhleb
  2054 | D:5      | Noticed Prince Ribbit
  2093 | D:5      | Killed Prince Ribbit
  2093 | D:5      | Reached skill level 6 in Armour
  2093 | D:5      | Reached skill level 6 in Shields
  2093 | D:5      | Reached XP level 8. HP: 43/74 MP: 4/4
  2374 | D:5      | Found an iron altar of Okawaru.
  2472 | D:6      | Found a staircase to the Ecumenical Temple.
  2671 | D:6      | Reached skill level 1 in Invocations
  3049 | D:7      | Reached skill level 6 in Axes
  3061 | D:7      | Found Yxiloij's Gadget Emporium.
  3073 | D:7      | Found a blossoming altar of Fedhas.
  3206 | D:7      | Noticed a two-headed ogre
  3220 | D:7      | HP: 5/112 [two-headed ogre/giant spiked club (9)]
  3225 | D:7      | Killed a two-headed ogre
  3225 | D:7      | Reached skill level 6 in Fighting
  3225 | D:7      | Gained mutation: You passively map the area around you. [Deep Dwarf growth]
  3225 | D:7      | Reached XP level 9. HP: 59/82 MP: 6/8
  3479 | D:7      | Reached ** piety under Makhleb
  3740 | D:8      | Slain by an orc warrior

Vault maps used:
D:1:      grunt_arrival_crossed_arrows
D:2:      overflow_temple_1_default, overflow_temple_1_default
D:3:      minivault_23
D:4:      minitemple, grunt_dithmenos_smoke, first_ration, minmay_misc_feat_chi,
          uniq_edmund
D:5:      kennysheep_mini, kennysheep_little_box, uniq_prince_ribbit1,
          uniq_grinder
D:6:      minmay_temple_entry_purple_smoke, minmay_misc_feat_enclosed,
          minmay_misc_feat_iff, kennysheep_cross_bottleneck, st_stairs_6
D:7:      fedhas_altar_1, serial_shops, shop, grunt_livestock
D:8:      gammafunk_temple_overflow_wave, tgw_sif

Skill      XL: |  1  2  3  4  5  6  7  8  9 |
---------------+----------------------------+-----
Fighting       | 3 4 5 6 |  6.2
Axes           | 3 4 5 6 7 |  7.1
Armour         | 4 5 6 7 |  7.6
Shields        | 4 5 6 7 |  7.5
Invocations    | 4 |  4.9

Action                   |  1- 3 |  4- 6 |  7- 9 || total
-------------------------+-------+-------+-------++-------
Melee: War axe           |   104 |    95 |   267 ||   466
 Abil: Heal Wounds       |     1 |     2 |    21 ||    24
  Use: Scroll            |       |     4 |       ||     4
       Potion            |       |       |     1 ||     1
  Eat: Chunk             |       |     3 |     7 ||    10
Armor: Scale mail        |    44 |    42 |   110 ||   196
       Skin              |       |       |     5 ||     5
Dodge: Dodged            |    30 |    24 |   100 ||   154
Block: Shield            |    57 |    52 |   159 ||   268

Table legend:
 A = Spawn XP
 B = Non-spawn XP
 C = Spawn XP percentage of total XP
 D = Spawn monster count
 E = Non-spawn monster count
 F = Spawn count percentage of total count
 G = Total turns spent on level
                    A         B        C        D         E        F      G
               +---------+---------+-------+---------+---------+-------+---------
         Total |       0 |    3959 |   0.0 |       0 |     113 |   0.0 |  3740
               +---------+---------+-------+---------+---------+-------+---------
           D:1 |       0 |       8 |   0.0 |       0 |       5 |   0.0 |    77
           D:2 |       0 |      30 |   0.0 |       0 |      13 |   0.0 |   355
           D:3 |       0 |      15 |   0.0 |       0 |       7 |   0.0 |   301
           D:4 |       0 |     262 |   0.0 |       0 |       9 |   0.0 |   800
           D:5 |       0 |    1319 |   0.0 |       0 |      34 |   0.0 |   939
           D:6 |       0 |     317 |   0.0 |       0 |      12 |   0.0 |   565
           D:7 |       0 |    1995 |   0.0 |       0 |      31 |   0.0 |   691
           D:8 |       0 |      13 |   0.0 |       0 |       2 |   0.0 |    12
               +---------+---------+-------+---------+---------+-------+---------
